 Dungeon Crawl Stone Soup version 0.29.0-4-gdea44cf6ec (webtiles) character file.

Game seed: 926189968635387285

663 qw the Cleaver (level 7, -3/41 HPs)
             Began as a Tengu Warper on Aug 28, 2022.
             Slain by Duvessa
             ... wielding a +0 short sword
              (18 damage)
             ... on level 4 of the Dungeon.
             The game lasted 00:00:31 (5653 turns).

qw the Cleaver (Tengu Warper)                       Turns: 5653, Time: 00:00:32

Health: -3/41      AC:  5    Str: 11    XL:     7   Next: 56%
Magic:  10/10      EV: 12    Int: 17    God:
Gold:   485        SH:  0    Dex: 12    Spells: 10/10 levels left

rFire   . . .      SeeInvis .   b - +1 hand axe (spect)
rCold   . . .      Faith    .   (no shield)
rNeg    . . .      Spirit   .   h - +0 ring mail
rPois   .          Reflect  .   (helmet restricted)
rElec   .          Harm     .   (no cloak)
rCorr   +          Rampage  .   (no gloves)
Will    .....                   (boots unavailable)
Stlth   +.........              (no amulet)
HPRegen 0.13/turn               d - ring of resist corrosion
MPRegen 0.12/turn               (no ring)

@: flying quickly and evasively, quick
A: beak, talons 3, nimble flight, clever 1, low MP 1, weak 1
a: no special abilities


You were on level 4 of the Dungeon.
You visited 1 branch of the dungeon, and saw 4 of its levels.
You also visited: Ossuary.

You collected 485 gold pieces.


Innate Abilities, Weirdness & Mutations

You have a beak for a mouth.
You have claws for feet.
Your magical nature lets you fly swiftly and evasively.
Your mind is acute. (Int +4, Str/Dex -1)
Your magical capacity is low. (-10% MP)
You are weak. (Str -2)


   Skills:
 - Level 3.5 Fighting
 - Level 8.2 Axes
 + Level 1.9 Throwing
 - Level 1.1 Armour
 - Level 2.1 Dodging
 - Level 2.0 Spellcasting
 - Level 2.4 Translocations


You had 10 spell levels left.
You didn't know any spells.
Your spell library contained the following spells:

 Spells                   Type           Power      Damage    Failure   Level
 Blink                    Tloc           18%        N/A       26%         2
 Gell's Gravitas          Tloc           9%         N/A       45%         3
 Lesser Beckoning         Tloc           9%         N/A       45%         3
 Teleport Other           Tloc           9%         N/A       45%         3
 Manifold Assault         Tloc           9%         N/A       99%         5

Inventory:

Hand Weapons
 b - a +1 spectral hand axe (weapon)
 c - a +2 whip of draining
Missiles
 n - a javelin (quivered)
Armour
 h - a +0 ring mail (worn)
Jewellery
 d - a ring of resist corrosion (left hand)
 l - a ring of ice
 p - a ring of fire
Scrolls
 a - a scroll of identify
Potions
 e - a potion of curing
 f - a potion of invisibility {unknown}
 g - a potion of mutation
 i - a potion of magic {unknown}
 k - a potion of berserk rage {unknown}

Dungeon Overview and Level Annotations

Branches:
Dungeon (4/15)            Ossuary (visited)
 Temple: D:4-7

Altars:
Dithmenos

Shops:
D:1 ?

Annotations:
D:2 1 runed translucent door, Crazy Yiuf
D:4 Duvessa


Message History

What level of the Dungeon? (default 1, ? - help)
You fly downwards.
Level annotation: Duvessa Duvessa closely misses you.
Duvessa hits you with a +0 short sword!
There is a stone staircase leading up, spattered with blood here.
You hit Duvessa.
Duvessa is lightly wounded.
Your +1 spectral hand axe hits Duvessa.
Duvessa closely misses your +1 spectral hand axe.
Duvessa misses your +1 spectral hand axe.
5414 ||| STAIRDANCE Duvessa hits you with a +0 short sword!!
You fly upwards.
There is a stone staircase leading down here.
You see here an amulet of faith.
You start resting.
HP restored.
Done exploring.
(D) Dungeon
Where to? (* - list waypoints, Enter - D:4, ? - help)
What level of the Dungeon? (default 1, ? - help)
You fly downwards.
Level annotation: Duvessa Duvessa misses you.
Duvessa hits you with a +0 short sword!
There is a stone staircase leading up, spattered with blood here.
You completely miss Duvessa. You claw Duvessa, but do no damage.
Your +1 spectral hand axe hits Duvessa!
Duvessa hits you but does no damage. Duvessa misses you.
You hit Duvessa but do no damage. You claw Duvessa.
Duvessa is moderately wounded.
Your +1 spectral hand axe hits Duvessa.
Duvessa hits you with a +0 short sword.
You hit Duvessa. You claw Duvessa.
Duvessa is heavily wounded.
Your +1 spectral hand axe hits Duvessa!
Duvessa hits you with a +0 short sword! Duvessa closely misses you.
You hit Duvessa but do no damage.
Duvessa is severely wounded.
Your +1 spectral hand axe hits Duvessa!
Duvessa hits you with a +0 short sword!!
You die...

###########
#.........#
##########.........#
#.......##.........#
#.......##.........#
#......?##.....(..[#
#....####......e@..#
..#######........[.#
.## ##.............#
## #....#.........#
# ##>(e############
####...##
...%....#####
....###.....#
.........####


You could see Duvessa (berserk) and a friendly +1 spectral hand axe (summoned).

Vanquished Creatures
  Eustachio (D:4)
  A black bear (D:4)
  An elf zombie (Ossuary)
  A necrophage (D:3)
  Dowan (D:4)
  A hound (D:4)
  2 orc wizards (D:4)
  2 mummies (Ossuary)
  6 adders
  An ufetubus (D:4)
  2 dart slugs
  7 orcs
  10 endoplasms
  A giant cockroach (D:4)
  4 gnoll zombies (Ossuary)
  6 goblins
  10 hobgoblins
  6 kobolds
  6 quokkas
  4 ball pythons
  A bat (D:3)
  2 frilled lizards (D:3)
  4 goblin zombies (Ossuary)
  3 hobgoblin zombies (Ossuary)
  2 orc zombies (Ossuary)
  9 rats
94 creatures vanquished.

Vanquished Creatures (others)
  10 plants (D:1)
10 creatures vanquished.

Grand Total: 104 creatures vanquished

Notes
Turn   | Place    | Note
-------+----------+-------------------------------------------
     0 | D:1      | qw the Tengu Warper began the quest for the Orb.
     0 | D:1      | Reached XP level 1. HP: 12/12 MP: 4/4
     0 | D:1      | 0 ||| qw: Version: 0.1-a-89-g26bdef1
     0 | D:1      | 0 ||| qw: Game counter: 2021
     0 | D:1      | 0 ||| qw: Always use a shield: true
     0 | D:1      | 0 ||| qw: God list: Okawaru
     0 | D:1      | 0 ||| qw: Allow faded altars: false
     0 | D:1      | 0 ||| qw: Do Orc after D:15 true
     0 | D:1      | 0 ||| qw: Do second Lair branch before Depths: true
     0 | D:1      | 0 ||| qw: Lair rune preference: random
     0 | D:1      | 0 ||| qw: Plans: Normal
     0 | D:1      | 0 ||| PLANNING D:1-11
   182 | D:1      | Reached XP level 2. HP: 7/17 MP: 6/6
   392 | D:1      | 392 ||| Stepping ~*~*~tactically~*~*~ (stealth).
   412 | D:1      | Reached skill level 3 in Axes
   715 | D:1      | 715 ||| Stepping ~*~*~tactically~*~*~ (stealth).
   715 | D:1      | Found Nunleamue's Magic Scroll Shoppe.
   730 | D:1      | 730 ||| Stepping ~*~*~tactically~*~*~ (stealth).
   794 | D:1      | 794 ||| DROPPING +0 club.
   799 | D:1      | 799 ||| SHOPLISTING 3 scrolls of identify (78 gold, have
                  | 15).
   799 | D:1      | 799 ||| SHOPLISTING scroll of teleportation (39 gold, have
                  | 15).
  1207 | D:1      | 1207 ||| UPGRADING to ring of resist corrosion.
  1208 | D:1      | 1208 ||| READING 2 scrolls labelled FOIDATSU BADD.
  1209 | D:1      | 1209 ||| READING scroll labelled OSERIO ZENEPHY.
  1213 | D:1      | 1213 ||| DROPPING scroll of blinking.
  1273 | D:2      | Reached XP level 3. HP: 21/21 MP: 7/7
  1446 | D:2      | Reached skill level 4 in Axes
  1484 | D:2      | 1484 ||| Stepping ~*~*~tactically~*~*~ (hiding).
  1485 | D:2      | 1485 ||| Stepping ~*~*~tactically~*~*~ (hiding).
  1601 | D:2      | Found a runed translucent door.
  1602 | D:2      | Noticed Crazy Yiuf
  1739 | D:2      | Reached XP level 4. HP: 26/26 MP: 8/8
  1884 | D:2      | Found a shadowy altar of Dithmenos.
  2071 | D:2      | 2071 ||| READING scroll labelled FIEGYZ BATWOCS.
  2072 | D:2      | 2072 ||| DRINKING 2 inky potions.
  2072 | D:2      | Gained mutation: Your magical capacity is low. (-10% MP)
                  | [potion of mutation]
  2072 | D:2      | Gained mutation: You are weak. (Str -2) [potion of
                  | mutation]
  2072 | D:2      | Gained mutation: Your mind is acute. (Int +4, Str/Dex -1)
                  | [potion of mutation]
  2073 | D:2      | 2073 ||| DRINKING 2 red potions.
  2074 | D:2      | 2074 ||| DROPPING potion of flight.
  2110 | D:3      | 2110 ||| READING scroll of teleportation.
  2189 | D:3      | 2189 ||| Stepping randomly (stuck).
  2190 | D:3      | 2190 ||| Stepping randomly (stuck).
  2234 | D:3      | Found a faded altar of an unknown god.
  2242 | D:3      | 2242 ||| Stepping ~*~*~tactically~*~*~ (stealth).
  2246 | D:3      | 2246 ||| Stepping ~*~*~tactically~*~*~ (stealth).
  2265 | D:3      | Reached skill level 5 in Axes
  2266 | D:3      | HP: 6/26 [poisoned by an adder]
  2304 | D:3      | HP: 6/26 [quokka (2)]
  2662 | D:3      | Noticed a necrophage
  2670 | D:3      | Killed a necrophage
  2671 | D:3      | Gained mutation: Your magical nature lets you fly swiftly
                  | and evasively. [Tengu growth]
  2671 | D:3      | Reached XP level 5. HP: 14/30 MP: 8/8
  2928 | D:3      | 2928 ||| UPGRADING to +0 ring mail.
  2930 | D:3      | 2930 ||| Stepping ~*~*~tactically~*~*~ (stealth).
  2932 | D:3      | 2932 ||| Stepping ~*~*~tactically~*~*~ (stealth).
  2939 | D:3      | 2939 ||| UPGRADING to +0 ring mail.
  2949 | D:3      | 2949 ||| DROPPING +0 leather armour.
  2952 | D:3      | 2952 ||| Stepping ~*~*~tactically~*~*~ (stealth).
  2953 | D:3      | 2953 ||| READING scroll labelled TUCLIS RUZU.
  3396 | D:3      | 3396 ||| READING scroll labelled UHAUBBILAED.
  3397 | D:3      | 3397 ||| DRINKING 3 fizzy grey potions.
  3398 | D:3      | 3398 ||| DRINKING 2 golden potions.
  3399 | D:3      | 3399 ||| DROPPING 2 potions of brilliance.
  3400 | D:3      | 3400 ||| DROPPING potion of degeneration.
  3570 | D:3      | 3570 ||| Stepping randomly (stuck).
  3606 | D:4      | 3606 ||| PLANNING OSSUARY
  3610 | D:4      | 3610 ||| STAIRDANCE
  3613 | D:3      | Reached skill level 6 in Axes
  3616 | D:4      | 3616 ||| STAIRDANCE
  3827 | D:4      | 3827 ||| Stepping ~*~*~tactically~*~*~ (stealth).
  3833 | D:4      | 3833 ||| FLEEEEING.
  3835 | D:4      | 3835 ||| FLEEEEING.
  3875 | D:4      | Found a sand-covered staircase.
  3876 | D:4      | 3876 ||| READING scroll labelled PIEGGU CUHI.
  3894 | D:4      | Noticed Eustachio
  3907 | D:4      | Killed Eustachio
  3908 | D:4      | Reached skill level 7 in Axes
  3908 | D:4      | Reached XP level 6. HP: 24/35 MP: 9/9
  3982 | D:4      | 3982 ||| Stepping ~*~*~tactically~*~*~ (stealth).
  3984 | D:4      | Noticed a black bear
  3986 | D:4      | 3986 ||| FLEEEEING.
  3987 | D:4      | 3987 ||| FLEEEEING.
  3988 | D:4      | 3988 ||| FLEEEEING.
  3989 | D:4      | 3989 ||| FLEEEEING.
  3990 | D:4      | 3990 ||| FLEEEEING.
  3991 | D:4      | 3991 ||| FLEEEEING.
  3992 | D:4      | 3992 ||| FLEEEEING.
  3993 | D:4      | 3993 ||| FLEEEEING.
  3994 | D:4      | 3994 ||| FLEEEEING.
  3998 | D:4      | 3998 ||| FLEEEEING.
  3999 | D:4      | 3999 ||| FLEEEEING.
  4000 | D:4      | 4000 ||| FLEEEEING.
  4001 | D:4      | 4001 ||| FLEEEEING.
  4002 | D:4      | 4002 ||| FLEEEEING.
  4003 | D:4      | 4003 ||| FLEEEEING.
  4004 | D:4      | 4004 ||| FLEEEEING.
  4005 | D:4      | 4005 ||| FLEEEEING.
  4006 | D:4      | 4006 ||| FLEEEEING.
  4007 | D:4      | 4007 ||| FLEEEEING.
  4014 | D:4      | Killed a black bear
  4015 | D:4      | Reached skill level 3 in Fighting
  4015 | D:4      | Reached XP level 7. HP: 29/41 MP: 10/10
  4057 | D:4      | 4057 ||| FLEEEEING.
  4058 | D:4      | 4058 ||| FLEEEEING.
  4059 | D:4      | 4059 ||| FLEEEEING.
  4060 | D:4      | 4060 ||| FLEEEEING.
  4061 | D:4      | 4061 ||| FLEEEEING.
  4062 | D:4      | 4062 ||| FLEEEEING.
  4063 | D:4      | 4063 ||| FLEEEEING.
  4064 | D:4      | 4064 ||| FLEEEEING.
  4065 | D:4      | 4065 ||| FLEEEEING.
  4066 | D:4      | 4066 ||| FLEEEEING.
  4067 | D:4      | 4067 ||| FLEEEEING.
  4068 | D:4      | 4068 ||| FLEEEEING.
  4069 | D:4      | 4069 ||| STAIRDANCE
  4152 | D:4      | 4152 ||| DROPPING +0 whip.
  4154 | Ossuary  | Entered an ossuary
  4233 | Ossuary  | Reached skill level 8 in Axes
  4336 | D:4      | 4336 ||| PLANNING D:1-11
  4357 | D:4      | 4357 ||| Stepping ~*~*~tactically~*~*~ (stealth).
  4358 | D:4      | 4358 ||| Stepping ~*~*~tactically~*~*~ (stealth).
  4361 | D:4      | 4361 ||| Stepping ~*~*~tactically~*~*~ (stealth).
  4487 | D:4      | Noticed Dowan
  4488 | D:4      | 4488 ||| FLEEEEING.
  4488 | D:4      | Noticed Duvessa
  4489 | D:4      | 4489 ||| FLEEEEING.
  4490 | D:4      | 4490 ||| FLEEEEING.
  4491 | D:4      | 4491 ||| FLEEEEING.
  4492 | D:4      | 4492 ||| FLEEEEING.
  4493 | D:4      | 4493 ||| FLEEEEING.
  4494 | D:4      | 4494 ||| FLEEEEING.
  4495 | D:4      | 4495 ||| FLEEEEING.
  4496 | D:4      | 4496 ||| FLEEEEING.
  4497 | D:4      | 4497 ||| FLEEEEING.
  4500 | D:4      | 4500 ||| FLEEEEING.
  4501 | D:4      | 4501 ||| FLEEEEING.
  4503 | D:4      | 4503 ||| FLEEEEING.
  4504 | D:4      | 4504 ||| FLEEEEING.
  4506 | D:4      | 4506 ||| FLEEEEING.
  4507 | D:4      | 4507 ||| FLEEEEING.
  4512 | D:4      | 4512 ||| FLEEEEING.
  4513 | D:4      | 4513 ||| FLEEEEING.
  4514 | D:4      | 4514 ||| FLEEEEING.
  4515 | D:4      | 4515 ||| FLEEEEING.
  4516 | D:4      | 4516 ||| FLEEEEING.
  4517 | D:4      | 4517 ||| FLEEEEING.
  4518 | D:4      | 4518 ||| FLEEEEING.
  4519 | D:4      | 4519 ||| FLEEEEING.
  4520 | D:4      | 4520 ||| FLEEEEING.
  4522 | D:4      | 4522 ||| STAIRDANCE
  4570 | D:3      | 4570 ||| DROPPING amulet of faith.
  4571 | D:3      | 4571 ||| READING scroll labelled QISAUJOVUZ.
  4572 | D:3      | 4572 ||| READING 2 scrolls of identify.
  4572 | D:3      | 4572 ||| IDENTIFYING pink potion
  4578 | D:4      | 4578 ||| STAIRDANCE
  4802 | D:4      | 4802 ||| STAIRDANCE
  4816 | D:4      | 4816 ||| STAIRDANCE
  4820 | D:4      | 4820 ||| STAIRDANCE
  4880 | D:4      | Killed Dowan
  4881 | D:4      | 4881 ||| STAIRDANCE
  4881 | D:4      | HP: 6/41 [Duvessa/+0 short sword (9)]
  5153 | D:4      | 5153 ||| STAIRDANCE
  5153 | D:4      | HP: 7/41 [Duvessa/+0 short sword (13)]
  5414 | D:4      | 5414 ||| STAIRDANCE
  5414 | D:4      | HP: 10/41 [Duvessa/+0 short sword (18)]
  5653 | D:4      | Slain by Duvessa

Levels and vault maps discovered:
D:1:      dpeg_arrival_shrine, layout_loops_cross, serial_shops, shop,
          serial_bayou, serial_bayou_pond_b, serial_bayou_lake_a,
          serial_bayou_crossing, serial_bayou_pond_e
D:2:      layout_loops_ring, basic_altar, uniq_crazy_yiuf_cottage
D:3:      layout_basic, serial_co_window_serial, co_window_paths_a,
          co_window_paths_b, co_window_corner_a, co_window_paths_a,
          co_window_of_opportunity_a, co_window_2corner, co_window_2corner,
          co_window_2corner, co_window_4corner_b, glass_columns_a,
          glass_columns_b, glass_columns_a, glass_columns_b, glass_columns_c,
          hellmonk_ecumenical_altar_blasted
D:4:      layout_rooms, nicolae_overflow_hidden_temple, serial_shops,
          shop_coins, enter_ossuary_1, minmay_unequal, uniq_duvessa,
          uniq_eustachio

Skill      XL: |  1  2  3  4  5  6  7 |
---------------+----------------------+-----
Axes           | 3 4 5 7 8 |  8.2
Fighting       | 3 |  3.5
Throwing       | |  1.9
Armour         | |  1.1
Dodging        | |  2.1
Spellcasting   | |  2.0
Translocations | |  2.4

Action                   |  1- 3 |  4- 6 |  7- 9 || total
-------------------------+-------+-------+-------++-------
Melee: Hand axe          |    60 |    94 |    44 ||   198
       Kick              |    14 |    17 |    16 ||    47
       Peck              |     6 |     7 |     7 ||    20
Throw: Boomerang         |     7 |       |       ||     7
       Javelin           |    24 |    16 |       ||    40
  Use: Scroll            |     2 |     5 |     2 ||     9
       Potion            |       |     4 |       ||     4
 Stab: Distracted        |       |       |     1 ||     1
Armor: Leather armour    |     9 |    11 |       ||    20
       Ring mail         |       |    14 |     5 ||    19
Dodge: Dodged            |    30 |    61 |    21 ||   112

Table legend:
 A = Non-vault XP
 B = Vault XP
 C = Vault XP percentage of total XP
 D = Non-vault monster count
 E = Vault monster count
 F = Vault count percentage of total count
                 A         B        C        D         E       F
            +---------+---------+-------+---------+---------+-------
      Total |     404 |     544 |  57.4 |      71 |      23 |  24.5
            +---------+---------+-------+---------+---------+-------
        D:1 |      27 |       4 |  12.9 |      14 |       3 |  17.6
        D:2 |      56 |       0 |   0.0 |      19 |       0 |   0.0
        D:3 |     143 |       0 |   0.0 |      19 |       0 |   0.0
        D:4 |     178 |     387 |  68.5 |      19 |       4 |  17.4
    Ossuary |       0 |     153 | 100.0 |       0 |      16 | 100.0
            +---------+---------+-------+---------+---------+-------
